 Dungeon Sprint DCSS version 0.25-a0-460-g4f2eb97ec1 (webtiles) character file.

Game seed: 9418452509340402979, levelgen mode: deterministic

248 McKennaii the Skirmisher (level 5, -6/42 HPs)
             Began as a Demonspawn Fighter on Feb 3, 2020.
             Mangled by an iron imp (9 damage)
             ... summoned by a neqoxec
             ... in the Dungeon (Sprint II: "The Violet Keep of Menkaure").
             The game lasted 00:00:24 (30 turns).

McKennaii the Skirmisher (Demonspawn Fighter)         Turns: 30, Time: 00:00:24

Health: -6/42      AC:  9    Str: 17      XL:     5   Next: 86%
Magic:  4/4        EV:  8    Int:  3 (9)  God:
Gold:   0          SH: 10    Dex: 13      Spells: 4/4 levels left

rFire    . . .     SeeInvis .   a - +0 trident
rCold    . . .     Gourm    .   c - +0 shield
rNeg     . . .     Faith    .   b - +0 scale mail
rPois    .         Spirit   .   (no helmet)
rElec    .         Reflect  .   (no cloak)
rCorr    .         Harm     .   (no gloves)
MR       .....     NoTele   +   (no boots)
Stlth    ..........             (no amulet)
HPRegen  0.14/turn              (no ring)
MPRegen  0.09/turn              (no ring)

@: berserk cooldown, slowed, very slow
A: hooves 2, slimy green scales 1, blurry vision 1, frail 1, low mp 1, subdued
magic 1
a: no special abilities


You were in the Dungeon.
You were not hungry.

You visited 1 branch

Inventory:

Hand Weapons
 a - a +0 trident (weapon)
Armour
 b - a +0 scale mail (worn)
 c - a +0 shield (worn)
Scrolls
 k - a scroll of blinking
Potions
 d - a potion of might
 e - a potion of curing
 g - a potion of heal wounds
 h - a potion of haste
 i - 2 potions of magic
Comestibles
 f - a ration


   Skills:
 + Level 6.7 Fighting
 * Level 5.7 Polearms
 + Level 6.0 Armour
 + Level 1.3 Dodging
 + Level 6.2 Shields


You had 4 spell levels left.
You didn't know any spells.
Your spell library was empty.

Dungeon Overview and Level Annotations

Branches:
Dungeon (1/1)

Altars:


Innate Abilities, Weirdness & Mutations

You have hoof-like feet.
You are partially covered in slimy green scales. (AC +2)
Scrolls take you a little longer to read.
You are frail. (-10% HP)
Your magical capacity is low. (-10% MP)
Your spells are a little easier to cast, but a little less powerful.


Message History

You feel dopey. Something feeds on your intellect!
You hit the neqoxec. Your kick misses the neqoxec.
The neqoxec is severely wounded.
The neqoxec closely misses you. The iron imp hits you!
* * * LOW HITPOINT WARNING * * *
The iron imp hits you.
* * * LOW HITPOINT WARNING * * *
The iron imp closely misses you. The neqoxec hits you.
* * * LOW HITPOINT WARNING * * *
You barely miss the neqoxec.
The neqoxec is severely wounded.
The iron imp hits you.
* * * LOW HITPOINT WARNING * * *
The iron imp barely misses you. The iron imp closely misses you.
The neqoxec gestures at you.
Strange energies course through your body.
Your connection to magic feels subdued.
The iron imp hits you!
You die...

# #. #+#
#.5##5##
#33@5.+
#5##5##
#. #+# #


You could see 2 neqoxecs, 3 iron imps, a crimson imp and an ufetubus.

Vanquished Creatures
  2 neqoxecs (D)
2 creatures vanquished.

Vanquished Creatures (others)
  Menkaure (D)
1 creature vanquished.

Grand Total: 3 creatures vanquished

Notes
Turn   | Place    | Note
-------+----------+-------------------------------------------
     0 | D        | McKennaii the Demonspawn Fighter began the quest for the
                  | Orb.
     0 | D        | Reached XP level 1. HP: 18/18 MP: 1/1
     1 | D        | Noticed a neqoxec
     1 | D        | Noticed a neqoxec
     1 | D        | Noticed a neqoxec
     1 | D        | Noticed a neqoxec
     4 | D        | Noticed a crimson imp
     9 | D        | Gained mutation: Scrolls take you a little longer to read.
                  | [a neqoxec]
    11 | D        | Noticed a crimson imp
    11 | D        | Gained mutation: Your magical capacity is low. (-10% MP) [a
                  | neqoxec]
    12 | D        | Killed a neqoxec
    12 | D        | Reached skill level 5 in Fighting
    12 | D        | Reached skill level 5 in Armour
    12 | D        | Reached skill level 5 in Shields
    12 | D        | Gained mutation: You have large cloven feet. [demonic
                  | ancestry]
    12 | D        | Reached XP level 2. HP: 27/27 MP: 1/1
    12 | D        | Gained mutation: You are partially covered in slimy green
                  | scales. (AC +2) [demonic ancestry]
    12 | D        | Reached XP level 3. HP: 33/33 MP: 2/2
    12 | D        | Gained mutation: You have hoof-like feet. [demonic
                  | ancestry]
    12 | D        | Reached XP level 4. HP: 39/39 MP: 3/3
    18 | D        | Killed a neqoxec
    18 | D        | Reached skill level 5 in Polearms
    18 | D        | Reached skill level 1 in Dodging
    18 | D        | Reached XP level 5. HP: 44/47 MP: 4/4
    24 | D        | Killed Menkaure
    24 | D        | Gained mutation: You are frail. (-10% HP) [a neqoxec]
    30 | D        | Gained mutation: Your spells are a little easier to cast,
                  | but a little less powerful. [a neqoxec]
    30 | D        | Mangled by an iron imp

Levels and vault maps discovered:
D:        the_violet_keep_of_menkaure [sprint2_stairs_cluster_1,
          sprint2_shoproom, sprint2_temple, sprint2_basic_supplies,
          sprint2_obstacle_4, sprint2_obstacle_1, sprint2_obstacle_5,
          sprint2_obstacle_7, sprint2_obstacle_2, sprint2_timed_cluster_1,
          sprint2_smallroom_cluster_1, sprint2_smallroom_final_cluster_1,
          sprint2_transparent_cluster_1, sprint2_second_timed_cluster_1,
          sprint2_sniper_area_1, sprint2_heavy_combat_area_1,
          sprint2_mutation_trap_area_1, sprint2_forest_area_1,
          sprint2_light_combat_area_1, sprint2_behind_water_1,
          sprint2_near_end_vault_1]

Skill      XL: |  1  2  3  4 |
---------------+-------------+-----
Fighting       | 5 6 |  6.7
Polearms       | 4 5 |  5.7
Armour         | 5 6 |  6.0
Shields        | 5 6 |  6.2
Dodging        | 1 |  1.3

Action                   |  1- 3 |  4- 6 || total
-------------------------+-------+-------++-------
Melee: Trident           |    10 |    18 ||    28
       Kick              |       |     8 ||     8
  Use: Potion            |     1 |       ||     1
Armor: Scale mail        |     3 |    10 ||    13
Dodge: Dodged            |     3 |    18 ||    21
Block: Shield            |     3 |    20 ||    23

Table legend:
 A = Non-vault XP
 B = Vault XP
 C = Vault XP percentage of total XP
 D = Non-vault monster count
 E = Vault monster count
 F = Vault count percentage of total count
                 A         B        C        D         E       F
            +---------+---------+-------+---------+---------+-------
      Total |       0 |     355 | 100.0 |       0 |       2 | 100.0
            +---------+---------+-------+---------+---------+-------
          D |       0 |     355 | 100.0 |       0 |       2 | 100.0
            +---------+---------+-------+---------+---------+-------
